 Dungeon Crawl Stone Soup version 0.26-a0-597-gb535b0901c (webtiles) character file.

Game seed: 49280362758218805

6 Lanoc the Sneak (level 1, -5/11 HPs)
             Began as a Vine Stalker Delver on Aug 26, 2020.
             Was an Initiate of Cheibriados.
             Shot with an arrow by a centaur (9 damage)
             ... on level 5 of the Dungeon.
             The game lasted 00:00:45 (249 turns).

Lanoc the Sneak (Vine Stalker Delver)                Turns: 249, Time: 00:00:45

Health: -5/11      AC:  8    Str: 15    XL:     1   Next: 90%
Magic:  0/2        EV: 12    Int: 11    God:    Cheibriados [......]
Gold:   31         SH:  0    Dex: 16    Spells: 0/0 levels left

rFire    . . .     SeeInvis .   a - +0 falchion
rCold    . . .     Faith    .   (no shield)
rNeg     + . .     Spirit   +   b - +0 leather armour
rPois    .         Reflect  .   h - +0 helmet
rElec    .         Harm     .   (no cloak)
rCorr    .                      (no gloves)
MR       .....                  (no boots)
Stlth    +++.......             (no amulet)
HPRegen  0.03/turn              i - +4 ring of protection
MPRegen  0.08/turn              l - ring of positive energy

@: very slow
A: fangs 2, magic shield, antimagic bite, no potion heal 3, rot immunity
a: Bend Time, Renounce Religion


You were on level 5 of the Dungeon.
You worshipped Cheibriados.
Cheibriados was noncommittal.
You visited 1 branch of the dungeon, and saw 1 of its levels.

You collected 31 gold pieces.

Inventory:

Hand Weapons
 a - a +0 falchion (weapon)
Armour
 b - a +0 leather armour (worn)
 h - a +0 helmet (worn)
Jewellery
 i - a +4 ring of protection (left hand)
 l - a ring of positive energy (right hand)
Wands
 g - a wand of digging (3)
Scrolls
 c - a scroll of fog
 d - a scroll of magic mapping
 e - a scroll of fear
 j - a scroll of enchant armour {unknown}
 m - a scroll of enchant weapon {unknown}
Potions
 f - a potion of haste
 k - a potion of cancellation {unknown}


   Skills:
 + Level 2.8 Fighting
 - Level 2.1 Long Blades
 + Level 1.7 Dodging
 - Level 6.0 Stealth


You couldn't memorise any spells.
You didn't know any spells.
Your spell library was empty.

Dungeon Overview and Level Annotations

Branches:
Dungeon (5/15)
 Temple: D:4-7

Altars:
Cheibriados

Shops:
D:5 !


Innate Abilities, Weirdness & Mutations

You have extremely sharp teeth.
When hurt, damage is shared between your health and your magic reserves.
Your bite disrupts and absorbs the magic of your enemies.
Potions cannot restore your health.
You are immune to rotting.


Message History

HP restored.
You now have 13 gold pieces.
Items here: )) ††.
m - a scroll labeled JUZUINOUMU
Found a runed mace.
Found an escape hatch in the floor.
Found a robe.
You now have 31 gold pieces (gained 18).
You open the door.
Found Yrhuwk's Distillery.
There is an open door here.
A centaur comes into view.
The centaur shouts!
The centaur wields a +0 shortbow.
The centaur shoots an arrow.
The arrow hits you!
Ouch! That really hurt!
You see here an arrow.
The centaur shoots an arrow.
The arrow hits you!
Ouch! That really hurt!
You die...

...........#########...
......####.# #..#
......#....## ##.#
............### ###.#
..####........... ....#
................). ....
..........#.##.#### #.
...#####.##.# ..# #.
......##@##.# #.# #.
#c..(..#.# .# #.
..........+># #.
###.......# #.
#.∩.....# #. #.# #.
.........# #. #.####.
#.........#
####.##.#....
#.........#
#.....#.#....
#...#######
#.....#.#....


You could see a centaur.

Vanquished Creatures
  3 orcs (D:5)
3 creatures vanquished.

Notes
Turn   | Place    | Note
-------+----------+-------------------------------------------
     0 | D:5      | Lanoc the Vine Stalker Delver began the quest for the Orb.
     0 | D:5      | Reached XP level 1. HP: 11/11 MP: 2/2
    27 | D:5      | Found a snail-covered altar of Cheibriados.
    40 | D:5      | Became a worshipper of Cheibriados the Contemplative
   246 | D:5      | Found Yrhuwk's Distillery.
   248 | D:5      | Noticed a centaur
   249 | D:5      | Shot with an arrow by a centaur

Illustrated notes

Levels and vault maps discovered:
D:5:      layout_basic, grunt_temple_overflow_growth_and_decay,
          yredelemnul_forgotten_temple_becter, basic_altar, serial_shops, shop

Skill      XL: |  1 |
---------------+----+-----
Long Blades    | 2 |  2.1
Fighting       | |  2.8
Dodging        | |  1.7
Stealth        | |  6.0

Action                   || total
-------------------------++-------
Melee: Falchion          ||    15
       Bite              ||     7
 Stab: Sleeping          ||     1
Armor: Leather armour    ||     3
Dodge: Dodged            ||    13
       Rpst.: Falchion   ||     1

Table legend: (Time is in decaauts)
 A = Elapsed time spent in this place.
 B = Non-inter-level travel time spent in this place.
 C = Inter-level travel time spent in this place.
 D = Time resting spent in this place.
 E = Time spent auto-exploring this place.
 F = Levels seen in this place.
 G = Mean time per level.
                   A        B        C        D        E       F      G
               +--------+--------+--------+--------+--------+-----+--------+
         Total |    266 |    266 |      0 |      0 |    175 |   1 |  266.0 |
       Dungeon |    266 |    266 |      0 |      0 |    175 |   1 |  266.0 |
               +--------+--------+--------+--------+--------+-----+--------+

Top non-repeatable levels by time:
     D:5: 266 daAuts
